 Dungeon Crawl Stone Soup version 0.30.0 (webtiles) character file.

Game seed: 7651270907319818567

9501 PoweredByGinger the Severer (level 11, -2/72 HPs)
             Began as a Demonspawn Gladiator on May 7, 2023.
             Was a Priest of Okawaru.
             Slain by a boulder beetle (13 damage)
             ... on level 1 of the Lair of Beasts.
             The game lasted 00:23:07 (14470 turns).

PoweredByGinger the Severer (Demonspawn Gladiator) Turns: 14470, Time: 00:23:09

Health: -2/72      AC: 17    Str: 18    XL:     11   Next: 23%
Magic:  18/20      EV:  8    Int: 10    God:    Okawaru [***...]
Gold:   664        SH:  4    Dex: 15    Spells: 10/10 levels left

rFire   . . .        a - +0 war axe
rCold   + . .        (no shield)
rNeg    . . .        P - +0 plate armour
rPois   .            D - +0 helmet
rElec   .            J - +0 cloak
rCorr   .            (no gloves)
SInv    .            (no boots)
Will    .....        (no amulet) Stlth
                     r - ring of protection from cold
HPRegen 0.32/turn    l - ring of magical power
MPRegen 0.17/turn

%: no passive effects
@: heroic, frozen, very slow
A: hooves 2, yellow scales 2, foul stench 2, condensation shield
a: Renounce Religion, Heroism


You were on level 1 of the Lair of Beasts.
You worshipped Okawaru.
Okawaru was most pleased with you.
You visited 3 branches of the dungeon, and saw 13 of its levels.
You also visited: Sewer.

You collected 664 gold pieces.

Inventory:

Hand Weapons
 a - a +0 war axe (weapon)
 b - the +12 mace "Runit" {freeze, Contam rElec Will+}
   (You took it off an orc on level 5 of the Dungeon)

   rElec:     It insulates you from electricity.
   Contam:    It causes magical contamination when unequipped.
   Will:      It increases your willpower.
Missiles
 d - a throwing net (quivered)
 e - 5 javelins
 j - 6 boomerangs
 q - 40 poisoned darts
 v - 129 stones
Armour
 u - a +0 scale mail
 D - a +0 helmet (worn)
 J - a +0 cloak (worn)
 P - a +0 plate armour (worn)
Jewellery
 f - an amulet of faith
 l - a ring of magical power (right hand)
 r - a ring of protection from cold (left hand)
 L - a ring of magical power
Wands
 t - a wand of roots (4)
 y - a wand of light (16)
 E - a wand of flame (23)
Scrolls
 g - 6 scrolls of vulnerability
 h - a scroll of enchant weapon
 i - 2 scrolls of noise
 k - 3 scrolls of poison {unknown}
 n - 2 scrolls of immolation {unknown}
 p - 8 scrolls of teleportation
 w - 2 scrolls of blinking
 F - 2 scrolls of fog
 G - a scroll of torment {unknown}
 I - a scroll of enchant armour {unknown}
 M - 2 scrolls of amnesia {unknown}
Potions
 c - 2 potions of invisibility
 m - 2 potions of attraction
 s - 6 potions of flight
 A - 2 potions of might
 B - 2 potions of lignification {unknown}
 H - a potion of resistance {unknown}
 K - a potion of mutation {unknown}
 N - a potion of haste
 O - a potion of berserk rage {unknown}


   Skills:
 - Level 2.0(7.0) Fighting
 + Level 16.1(21.1) Axes
 - Level 1.7(6.7) Throwing
 - Level 2.6(7.6) Dodging


You had 10 spell levels left.
You didn't know any spells.
Your spell library contained the following spells:

 Spells                   Type           Power      Damage    Failure   Level
 Beastly Appendage        Tmut           0%         N/A       100%        1
 Magic Dart               Conj           0%         1d3       100%        1
 Shock                    Conj/Air       0%         1d3       100%        1
 Ensorcelled Hibernation  Hex/Ice        0%         N/A       100%        2
 Poisonous Vapours        Pois/Air       0%         N/A       100%        2
 Wereblood                Tmut           0%         N/A       100%        2
 Mephitic Cloud           Conj/Pois/Air  0%         N/A       100%        3
 Spider Form              Tmut/Pois      0%         N/A       100%        3
 Swiftness                Air            0%         N/A       100%        3
 Anguish                  Hex/Necr       0%         N/A       100%        4
 Arcjolt                  Conj/Air       0%         1d10      100%        5
 Freezing Cloud           Conj/Ice/Air   0%         6-21      100%        5
 Call Imp                 Summ           Unusable   N/A       N/A         2

Dungeon Overview and Level Annotations

Branches:
Dungeon (11/15)            Temple (1/1) D:7            Lair (1/5) D:9
    Orc (0/2) D:9           Sewer (visited)

Altars:
Ashenzari
Cheibriados
Dithmenos
Fedhas
Gozag
Hepliaklqana
Kikubaaqudgha
Makhleb
Nemelex Xobeh
Okawaru
Qazlal
Ru
Trog
Uskayaw
Vehumet
Wu Jian
Xom
Yredelemnul

Annotations:
D:5 3 runed translucent doors, exclusion: upstairs, jimonade's ghost, novice FoGl
D:7 2 transporters, themargong's ghost, novice DsCA
D:8 exclusion: downstairs
D:10 Lodul
D:11 Amaemon


Innate Abilities, Weirdness & Mutations

You have hoof-like feet.
You are mostly covered in yellow scales. (AC +3)
You sometimes emit foul miasma when damaged in melee.
A meltable shield of frost defends you. (SH +4)


Message History

You hit the boulder beetle.
You kick the boulder beetle, but do no damage.
The boulder beetle is lightly wounded.
You hit the rime drake. The boulder beetle bites you! The rime drake bites you.
Unknown command.
You are too injured to fight recklessly!
Unknown command.
You are too injured to fight recklessly!
You gain the combat prowess of a mighty hero.
You can no longer speed up your combat.
The ice encasing you melts away.
The rime drake bites you but does no damage.
The boulder beetle bites you!
* * * LOW HITPOINT WARNING * * *
Unknown command.
You slash the boulder beetle!
You kick the boulder beetle, but do no damage.
The boulder beetle is moderately wounded.
You hit the rime drake. The rime drake closely misses you.
You slash the boulder beetle!
The boulder beetle is heavily wounded.
You hit the rime drake but do no damage.
The boulder beetle bites you but does no damage.
The rime drake breathes ice at you. The icy flash freeze hits you!
You partially resist.
* * * LOW HITPOINT WARNING * * *
You are encased in ice.
You slash the boulder beetle!
You kick the boulder beetle, but do no damage.
The boulder beetle is heavily wounded.
You hit the rime drake but do no damage.
The boulder beetle bites you but does no damage.
Unknown command.
You hit the boulder beetle but do no damage.
You kick the boulder beetle, but do no damage.
You punch the boulder beetle, but do no damage.
The boulder beetle is heavily wounded.
You hit the rime drake. The rime drake barely misses you.
The boulder beetle bites you!
You die...

.................
........................
...................##...
......#.......#...###...
....#.#......#..........
..............#.......P#
...................##)##
...................P###
......k@..........###
##....B##..........#
##.#.. ##..###.#.## #
#.. ##.# #..## #..
##.##### #.$ #.. ### ##.
#


You could see a boulder beetle and a rime drake.

Vanquished Creatures
  A centaur warrior (D:9)
  A two-headed ogre (D:9)
  2 unseen horror zombies (D:8)
  A komodo dragon (Lair:1)
  Grinder (D:4)
  A shadow (D:10)
  8 yaks
  A vampire (D:10)
  A wraith (D:8)
  2 wyverns
  Eustachio (D:5)
  2 steam dragons
  2 vampire mosquitoes (D:11)
  Menkaure (D:7)
  Duvessa (D:4)
  2 acid dragons
  2 water moccasins
  4 orc warriors
  An ice beast (D:7)
  2 black bears
  4 sky beasts
  4 ogres (D:10)
  7 centaurs
  3 kobold brigands
  3 bullfrogs
  2 necrophages (D:8)
  3 scorpions
  4 wights
  Dowan (D:4)
  3 killer bees (D:9)
  4 howler monkeys
  3 centaur zombies (D:8)
  3 jellies
  An orc priest (D:6)
  4 hounds
  Crazy Yiuf (D:6)
  A human zombie (D:8)
  A gnoll bouda (D:3)
  An iron imp (D:6)
  An iguana (D:5)
  4 orc wizards
  A sickly merfolk siren (Sewer)
  A malarious merfolk avatar (Sewer)
  3 mummies (D:8)
  3 gnolls
  8 adders
  3 river rats (Sewer)
  2 white imps
  2 ufetubi (D:6)
  3 worms
  A dart slug (D:1)
  25 orcs
  13 endoplasms
  13 giant cockroaches
  9 goblins
  5 hobgoblins
  7 jackals
  12 quokkas
  12 ball pythons
  5 bats
  5 frilled lizards
  23 kobolds
  33 rats
284 creatures vanquished.

Vanquished Creatures (others)
  A sky beast (D:6)
  2 fungi (D:6)
  56 plants
59 creatures vanquished.

Grand Total: 343 creatures vanquished

Notes
Turn   | Place    | Note
-------+----------+-------------------------------------------
     0 | D:1      | PoweredByGinger the Demonspawn Gladiator began the quest
                  | for the Orb.
     0 | D:1      | Reached XP level 1. HP: 16/16 MP: 1/1
     1 | D:1      | Found a runed translucent door.
     3 | D:1      | Noticed a jelly
    90 | D:1      | Reached skill level 3 in Axes
   163 | D:1      | Gained mutation: You have large cloven feet. [demonic
                  | ancestry]
   163 | D:1      | Reached XP level 2. HP: 20/22 MP: 2/2
   878 | D:2      | Gained mutation: You are partially covered in yellow
                  | scales. (AC +2) [demonic ancestry]
   878 | D:2      | Reached XP level 3. HP: 27/27 MP: 3/3
   895 | D:2      | Reached skill level 4 in Axes
   917 | D:2      | Gained mutation: You are mostly covered in yellow scales.
                  | (AC +3) [demonic ancestry]
   917 | D:2      | Reached XP level 4. HP: 20/33 MP: 4/4
  1077 | D:2      | Found a faded altar of an unknown god.
  1806 | D:3      | Found a glowing drain.
  1839 | Sewer    | Entered a sewer
  1940 | Sewer    | Reached skill level 5 in Axes
  1999 | Sewer    | Gained mutation: You have hoof-like feet. [demonic
                  | ancestry]
  1999 | Sewer    | Reached XP level 5. HP: 17/38 MP: 5/5
  2545 | D:3      | Reached skill level 6 in Axes
  3222 | D:1      | Gained mutation: You may rarely emit foul miasma when
                  | damaged in melee. [demonic ancestry]
  3222 | D:1      | Reached XP level 6. HP: 30/44 MP: 6/6
  3387 | D:4      | Noticed Eustachio
  3945 | D:4      | Noticed Grinder
  3946 | D:4      | Noticed Duvessa
  3947 | D:4      | Noticed Dowan
  3947 | D:4      | Paralysed by Grinder for 3 turns
  3995 | D:5      | Entered Level 5 of the Dungeon
  4058 | D:5      | Noticed an orc warrior
  4077 | D:5      | Killed an orc warrior
  4078 | D:5      | Reached skill level 7 in Axes
  4085 | D:5      | Gained mutation: You sometimes emit foul miasma when
                  | damaged in melee. [demonic ancestry]
  4085 | D:5      | Reached XP level 7. HP: 21/50 MP: 7/7
  4458 | D:5      | Reached skill level 8 in Axes
  4572 | D:5      | Found a runed translucent gate.
  4572 | D:5      | Found a runed translucent gate.
  4572 | D:5      | Found a runed translucent gate.
  4572 | D:5      | Noticed jimonade's ghost (novice FoGl)
  4639 | D:5      | Identified the +12 mace "Runit" {freeze, Contam rElec
                  | Will+}
  5262 | D:5      | Killed Eustachio
  5330 | D:4      | Paralysed by Grinder for 3 turns
  5339 | D:4      | Killed Grinder
  5340 | D:4      | Reached skill level 9 in Axes
  5340 | D:4      | Reached XP level 8. HP: 56/56 MP: 8/8
  5913 | D:6      | Found a snail-covered altar of Cheibriados.
  6121 | D:6      | Reached skill level 10 in Axes
  6732 | D:6      | Reached skill level 11 in Axes
  7013 | D:6      | Found a runed translucent door.
  7014 | D:6      | Noticed Crazy Yiuf
  7024 | D:6      | Killed Crazy Yiuf
  7025 | D:6      | Reached XP level 9. HP: 41/59 MP: 9/9
  7153 | D:7      | Found a staircase to the Ecumenical Temple.
  7176 | D:7      | Noticed Menkaure
  7182 | D:7      | Killed Menkaure
  7308 | Temple   | Entered the Ecumenical Temple
  7512 | Temple   | Became a worshipper of Warmaster Okawaru
  7787 | D:7      | Reached skill level 12 in Axes
  7940 | D:7      | Found a transporter.
  7954 | D:7      | Noticed a toenail golem
  7959 | D:7      | Noticed themargong's ghost (novice DsCA)
  7963 | D:7      | Found a transporter.
  8235 | D:4      | Killed Duvessa
  8239 | D:4      | Killed Dowan
  9383 | D:8      | Reached * piety under Okawaru
  9475 | D:8      | Got Sif Muna's Vellum of the Scorpion and Ceraunoscopy
  9688 | D:8      | Reached skill level 13 in Axes
  9806 | D:8      | Reached XP level 10. HP: 31/67 MP: 10/10
  9924 | D:8      | Found an ancient bone altar of Kikubaaqudgha.
 10099 | D:8      | Reached ** piety under Okawaru
 11172 | D:9      | Noticed a cyclops
 11201 | D:8      | Reached skill level 14 in Axes
 11838 | D:9      | Found a staircase to the Lair.
 11924 | D:9      | Found a stormy altar of Qazlal.
 12144 | D:9      | Noticed a centaur warrior
 12160 | D:9      | Killed a centaur warrior
 12160 | D:9      | Reached *** piety under Okawaru
 12250 | D:9      | Noticed a cyclops
 12502 | D:9      | Found a staircase to the Orcish Mines.
 12582 | D:9      | Noticed a two-headed ogre
 12604 | D:9      | Killed a two-headed ogre
 12605 | D:9      | Reached skill level 15 in Axes
 12779 | Lair:1   | Entered Level 1 of the Lair of Beasts
 12781 | Lair:1   | Identified the +0 leather armour of Darkness {+Blink Will+
                  | Int+2 Dex+2}
 12818 | Lair:1   | Gained mutation: A meltable shield of frost defends you.
                  | (SH +4) [demonic ancestry]
 12818 | Lair:1   | Reached XP level 11. HP: 41/72 MP: 11/11
 13353 | D:10     | Entered Level 10 of the Dungeon
 13389 | D:10     | Reached **** piety under Okawaru
 13620 | D:10     | Noticed Lodul
 13693 | D:10     | Reached skill level 16 in Axes
 14017 | D:11     | Noticed a two-headed ogre
 14039 | D:11     | Noticed Amaemon
 14458 | Lair:1   | Noticed a boulder beetle
 14470 | Lair:1   | Slain by a boulder beetle

Illustrated notes

Levels and vault maps discovered:
D:1:      dpeg_arrival_caged_fury, layout_basic
D:2:      layout_loops_corners, dreamdust_ecumenical_altar_hidden_monk_grotto
D:3:      layout_loops_ring, mainiacjoe_overflow_alcove_4, portal_sewer_entry_f,
          amcnicky_mini_corridor_feature
D:4:      kennysheep_spiral_hall, layout_basic, serial_bayou,
          serial_bayou_pond_b, serial_bayou_pond_c, serial_bayou_pond_e,
          serial_bayou_lake_a, uniq_grinder, uniq_duvessa, uniq_eustachio
D:5:      layout_loops_ring, ebering_ghost_rock_garden
D:6:      minmay_razor_zed, layout_basic, chei_slow_surprise,
          uniq_crazy_yiuf_cottage
D:7:      layout_cave_pools, minmay_temple_entry_trees,
          gammafunk_ghost_abyssal_escape, uniq_menkaure
D:8:      layout_basic, lemuel_mausoleum_altar_kikubaaqudgha
D:9:      kennysheep_blocky_room, layout_basic, grunt_qazlal_clouds,
          lair_entry_dummy, orc_0_dummy, grunt_ministairs_6
D:10:     layout_loops_corners, led_sif_book, minmay_orc_keep, uniq_lodul
D:11:     layout_rooms, portal_ice_cave_rime, mrwooster_statue_mirror,
          uniq_amaemon, uniq_erica
Temple:   bh_familiar_temple
Lair:1:   layout_cave_shapes, serial_bayou_lagoon_a

Skill      XL: |  1  2  3  4  5  6  7  8  9 10 11 |
---------------+----------------------------------+-----
Axes           | 3 4 5 6 7 9 11 13 15 16 | 16.1
Fighting       | |  2.0
Throwing       | |  1.7
Dodging        | |  2.6

Action                     |  1- 3 |  4- 6 |  7- 9 | 10-12 || total
---------------------------+-------+-------+-------+-------++-------
  Melee: War axe           |    69 |   306 |   344 |   266 ||   985
         Kick              |     5 |    63 |   106 |   105 ||   279
         Punch             |       |     3 |     4 |     3 ||    10
  Throw: Throwing net      |       |     4 |       |     3 ||     7
 Invoke: Heroism           |       |       |       |     3 ||     3
  Evoke: Wand              |       |       |     5 |     9 ||    14
    Use: Scroll            |       |       |     7 |     7 ||    14
         Potion            |       |       |     3 |     4 ||     7
   Stab: Sleeping          |     2 |       |       |       ||     2
         Held in net/web   |       |     5 |       |     1 ||     6
         Paralysed         |       |       |    17 |       ||    17
         Invisible         |       |       |       |     2 ||     2
 Armour: Leather armour    |    37 |    42 |       |       ||    79
         Scale mail        |       |    81 |   179 |    37 ||   297
         Plate armour      |       |       |       |   128 ||   128
  Dodge: Dodged            |    61 |   163 |   166 |    85 ||   475
  Block: Other             |       |       |       |    12 ||    12
